Unix NetHack Version 5.0.0-0 post-release - last build Jul 14 2026 02:55:29 (1809b74e8187c3a3585e283601c3028b46cbbdcb,branch:main).

Game began 2026-07-18 16:29:19, ended 2026-07-18 17:32:50.

IanCurtis, chaotic male elven Wizard

                                         -----
                             ---         |...---
                             |..---- ----|.....|
                            --......--..--*....----- -.
                            |...................--.-- -..-----
                                 -......(...........|   ...|.--
                                 --..........).....-|    |....|
                                  --...........#....|   .|-...|
                                   |..........--#...----.|-..^|     |  ---
                                   --.......%.---.%...|..|..|.|----.|....
                                    |............%......--.-----G.k...-
                                -----.|....).............<.|  |.@...-
                               --.....|-.............--.----  |.....|
                               |..-------............||.|     |.|.---
                         | -----.------..............||.|     |.|--
                         |..............---.......-----.|------.|
                         |......--------- ----.|...| |..--......|
                         --..---             ----..| |.....------
                          ---                   ---- -------
IanCurtis the Conjurer    St:9 Dx:12 Co:12 In:20 Wi:11 Ch:11  Chaotic
Dlvl:5  $:41 HP:0(26) Pw:36(36) AC:9  Xp:4 T:1752  Burdened

Latest messages:
 The gnome hits!
 You hit the gnome!
 The gnome swings her thonged club.
 The gnome hits!
 You hit the gnome.
 In what direction? h
 The spell hits the gnome!
 You kill the gnome!
 The spell hits the gnome!
 You kill the gnome!
 A potion of fruit juice shatters!
 You have a little trouble lifting a pick-axe.  Continue? [ynq] (q) y
 You have a little trouble lifting E - a pick-axe.
 Your movements are slowed slightly because of your load.
 What do you want to adjust? [a-kn-vxyA-E or ?*] E
 Adjust letter to what [lmwzE-Z] (? see used letters)? d
 Swapping: d - a pick-axe.
 You stop searching.
 You see here a whistle.
 You have a little trouble lifting F - a whistle.
 What do you want to use or apply? [cdnoCF or ?*] F
 You produce a high whistling sound.
 What do you want to drop? [$a-kn-vxyA-F or ?*] F
 You drop a whistle.
 You hit the gnome.
 You kill the gnome!
 The gnome wields a thonged club!
 The gnome secures the tether on the thonged club.
 In what direction? k
 The spell hits the gnome!
 You kill the gnome!
 There are several objects here.
 You see here a silver ring.
 You have a little trouble lifting G - a silver ring.
 The gnome wields a thonged club!
 The gnome secures the tether on the thonged club.
 The gnome swings his thonged club.
 The gnome hits!
 The gnome swings his thonged club.
 The gnome hits!
 You miss the gnome.
 You hit the gnome!
 You miss the gnome.
 The gnome swings his thonged club.
 The gnome hits!
 You miss the gnome.
 The gnome swings his thonged club.
 The gnome hits!
 You die...
 Do you want your possessions identified? [ynq] (y) q

Inventory:
 Coins    ('$')
  $ - 41 gold pieces
 Weapons  (')')
  a - a blessed +1 quarterstaff (weapon in hands)
 Armor    ('[')
  q - an uncursed +0 orcish helm (being worn)
  b - an uncursed burnt +0 cloak of magic resistance (being worn)
 Comestibles  ('%')
  B - 2 uncursed apples
  x - an uncursed cram ration
  s - 5 uncursed food rations
 Scrolls  ('?')
  u - an uncursed scroll of earth
  i - a blessed scroll of identify
  k - an uncursed scroll of remove curse
  j - an uncursed scroll of scare monster
  p - an uncursed scroll of teleportation
 Potions  ('!')
  A - a cursed potion of booze
  f - an uncursed potion of fruit juice
  v - an uncursed potion of gain level
  r - 4 uncursed potions of healing
  g - an uncursed potion of monster detection
  t - 2 uncursed potions of object detection
  h - an uncursed potion of sickness
 Rings    ('=')
  D - an uncursed ring of levitation
  E - an uncursed ring of polymorph control
  y - an uncursed ring of regeneration
  e - an uncursed ring of slow digestion (on right hand)
  G - a cursed ring of warning
 Wands    ('/')
  c - a blessed wand of digging (0:8)
 Tools    ('(')
  o - an uncursed leather drum
  n - a magic marker (0:21)
  d - a +0 pick-axe
 Gems/Stones  ('*')
  C - an uncursed luckstone named luck

IanCurtis the Wizard's attributes:

Background:
 You were a Conjurer, a level 4 male elven Wizard.
 You were chaotic, on a mission for Anhur
 who was opposed by Ptah (lawful) and Thoth (neutral).
 You were right-handed.
 You were in the Gnomish Mines, on level 5.
 You entered the dungeon 1752 turns ago.
 You had 127 experience points, 33 more were needed to attain level 5.

Basics:
 You had 0 out of 26 hit points.
 You had all 36 energy points (spell power).
 Your armor class was 9.
 Your wallet contained 41 zorkmids.
 Autopickup was off.

Final Characteristics:
 Your strength was 9 (limit:18).
 Your dexterity was 12 (limit:18).
 Your constitution was 12 (limit:16).
 Your intelligence was 20 (limit:20).
 Your wisdom was 11 (limit:20).
 Your charisma was 11 (limit:18).

Final Status:
 You weren't hungry.
 You were burdened; movement was slightly slowed.
 You were wielding a quarterstaff.
 You had basic skill with quarterstaff.

Final Attributes:
 You were devoutly aligned.
 You were magic-protected.
 You were sleep resistant.
 You had infravision.
 You had slower digestion.
 You were warded.
 You were lucky.
 You had extra luck.
 Bad luck did not time out for you.
 Good luck did not time out for you.
 You are dead.

Miscellaneous:
 You didn't encounter any bones levels.
 Total elapsed playing time was 13 minutes and 11 seconds.

Major events:
 Turn
    1: IanCurtis the chaotic male elven Wizard entered the dungeon
  811: attained the rank of Conjurer (level 3)
 1566: entered the Gnomish Mines
 1752: killed by a gnome

Spells:
 Name                 Level Category     Fail Retention
 force bolt             1   attack         0%  91%-100%
 light                  1   divination     0%  76%-100%
 identify               3   divination    74%  76%-100%

Skills:
 Fighting Skills
   bare handed combat [Unskilled]
   riding             [Unskilled]
 Weapon Skills
   dagger             [Unskilled]
   knife              [Unskilled]
   axe                [Unskilled]
   short sword        [Unskilled]
   club               [Unskilled]
   mace               [Unskilled]
   quarterstaff       [Basic]
   polearms           [Unskilled]
   spear              [Unskilled]
   trident            [Unskilled]
   sling              [Unskilled]
   dart               [Unskilled]
   shuriken           [Unskilled]
 Spellcasting Skills
   attack spells      [Basic]
   healing spells     [Unskilled]
   divination spells  [Unskilled]
   enchantment spells [Basic]
   clerical spells    [Unskilled]
   escape spells      [Unskilled]
   matter spells      [Unskilled]

Voluntary challenges:
 Character rerolling was not enabled.
 You never genocided any monsters.
 You never polymorphed an object.
 You never changed form.
 You used no wishes.
Achievements:
 You entered a shop.
 You attained the rank of Conjurer.
 You entered the Gnomish Mines.

 The Dungeons of Doom: levels 1 to 5
    Level 1: "vault"
       An altar, a sink.
    Level 2:
       An armor shop.
    Level 3:
       A general store, a grave.
    Level 4: "vault"
       A general store, a sink.
       Stairs down to The Gnomish Mines.
    Level 5:
 The Gnomish Mines:
    Level 5: <- You were here.
       Final resting place for
          you, killed by a gnome.


Vanquished creatures:
  a little dog
  a dwarf
  a giant bat
  a wererat
 an acid blob
  a giant rat
  a cave spider
  5 gnomes
  a gecko
  3 jackals
  a fox
  a kobold
  3 goblins
  a sewer rat
  2 grid bugs
  4 lichens
  2 kobold zombies
  2 newts
32 creatures vanquished.

No species were genocided or became extinct.

Game over:
                       ----------
                      /          \
                     /    REST    \
                    /      IN      \
                   /     PEACE      \
                  /                  \
                  |    IanCurtis     |
                  |      41 Au       |
                  |   killed by a    |
                  |      gnome       |
                  |                  |
                  |                  |
                  |       2026       |
                 *|     *  *  *      | *
        _________)/\\_//(\/(/\)/\//\/|_)_______

Goodbye IanCurtis the Wizard...

You died in The Gnomish Mines on dungeon level 5 with 755 points,
and 41 pieces of gold, after 1752 moves.
You were level 4 with a maximum of 26 hit points when you died.

